 Dungeon Crawl Stone Soup version 0.29-a0-378-gc08b2e8bf8 (webtiles) character file.

Game seed: 12794121733712188436

49 mandarbmax the Shooter (level 3, -2/20 HPs)
             Began as a Tengu Arcane Marksman on May 5, 2022.
             Slain by a gnoll
             ... wielding a +1 whip of holy wrath
              (5 damage)
             ... on level 2 of the Dungeon.
             The game lasted 00:03:55 (2506 turns).

mandarbmax the Shooter (Tengu Arcane Marksman)      Turns: 2506, Time: 00:03:56

Health: -2/20      AC:  2    Str: 10    XL:     3   Next: 77%
Magic:  5/5        EV: 12    Int: 13    God:
Gold:   77         SH:  0    Dex: 16    Spells: 3/4 levels left

rFire   . . .      SeeInvis .   a - +0 shortbow
rCold   . . .      Faith    .   (shield currently unavailable)
rNeg    . . .      Spirit   .   b - +0 robe
rPois   .          Reflect  .   k - +0 hat
rElec   .          Harm     .   (no cloak)
rCorr   .          Rampage  .   (no gloves)
Will    .....      Rnd*Tele +   (boots unavailable)
Stlth   +.........              (no amulet)
HPRegen 0.06/turn               (no ring)
MPRegen 0.09/turn               (no ring)

@: no status effects
A: beak, talons 3, teleportitis 1
a: no special abilities


You were on level 2 of the Dungeon.
You visited 1 branch of the dungeon, and saw 3 of its levels.

You collected 77 gold pieces.

Inventory:

Hand Weapons
 a - a +0 shortbow (weapon)
Armour
 b - a +0 robe (worn)
 k - a +0 hat (worn)
Jewellery
 r - a ring of fire
Wands
 n - a wand of iceblast (3)
 p - a wand of flame (17)
Scrolls
 c - a scroll of vulnerability
 f - 2 scrolls of identify
 g - a scroll of fear {unknown}
 h - a scroll of enchant armour {unknown}
 i - a scroll of noise {unknown}
 m - a scroll of poison {unknown}
Potions
 d - a potion of degeneration
 e - a potion of brilliance {unknown}
 j - a potion of berserk rage {unknown}
 l - a potion of curing {unknown}
 o - a potion of heal wounds {unknown}
 q - a potion of resistance {unknown}
 s - 2 potions of attraction {unknown}


   Skills:
 - Level 1.0 Fighting
 + Level 4.4 Bows
 - Level 2.1 Dodging
 - Level 1.0 Spellcasting
 - Level 2.1 Hexes


You had 3 spell levels left.
You knew the following spells:

 Your Spells              Type           Power      Damage    Failure   Level
a - Slow                  Hex            24%        N/A       12%         1

Your spell library contained the following spells:

 Spells                   Type           Power      Damage    Failure   Level
 Inner Flame              Hex/Fire       3%         N/A       47%         3
 Portal Projectile        Hex/Tloc       6%         N/A       47%         3
 Cause Fear               Hex            3%         N/A       75%         4


Dungeon Overview and Level Annotations

Branches:
Dungeon (3/15)

Altars:

Shops:
D:3 *


Innate Abilities, Weirdness & Mutations

You have a beak for a mouth.
You have claws for feet.
You are occasionally teleported next to monsters.


Message History

You shoot an arrow. The arrow closely misses the jackal.
The jackal barely misses you. The jackal misses you.
You shoot an arrow. The arrow barely misses the jackal.
The jackal misses you.
You shoot an arrow. The arrow hits the jackal!
You kill the jackal!
No target in view!
No target in view!
No target in view!
Done exploring.
Done exploring.
Done exploring.
Done exploring.
Done exploring.
(D) Dungeon
Where to? (Enter - D:2, ? - help)
You see here a +0 leather armour.
There is a stone staircase leading down here.
You climb downwards.
The gnoll shouts! x3
Found Aqorghane's Assorted Antiques.
There is a stone staircase leading up here.
There are monsters nearby!
You shoot an arrow.
The arrow hits the gnoll but does no damage.
The gnoll barely misses you.
You climb upwards.
There is a stone staircase leading down here.
You shoot an arrow. The arrow hits the gnoll!
The gnoll is heavily wounded.
The gnoll closely misses you.
You shoot an arrow. The arrow completely misses the gnoll.
The gnoll hits you with a +1 whip of holy wrath!
You shoot an arrow.
The arrow hits the gnoll but does no damage.
The gnoll is heavily wounded.
The gnoll hits you with a +1 whip of holy wrath!
Ouch! That really hurt!
* * * LOW HITPOINT WARNING * * *
The gnoll hits you with a +1 whip of holy wrath.
You die...

#...... #.#####
#.# # #.# #
#.##### #....##
##############.##
##g.......#####.##
#@...............#
#.........#....#..
#.........#....##.
#.........#....##<
#.##########...##.
#.# #...### #[####
#...# # #..).#
##...### #....#
#.......


You could see a gnoll.

Vanquished Creatures
  A worm (D:2)
  2 bats (D:1)
  2 endoplasms
  4 hobgoblins
  14 jackals
  5 kobolds
  3 quokkas (D:2)
  A ball python (D:1)
  3 frilled lizards
  3 goblins
  A rat (D:2)
39 creatures vanquished.

Notes
Turn   | Place    | Note
-------+----------+-------------------------------------------
     0 | D:1      | mandarbmax the Tengu Arcane Marksman began the quest for
                  | the Orb.
     0 | D:1      | Reached XP level 1. HP: 12/12 MP: 3/3
   132 | D:1      | Gained mutation: You are occasionally teleported next to
                  | monsters. [potion of mutation]
   137 | D:1      | Reached XP level 2. HP: 2/16 MP: 2/4
   422 | D:1      | Reached skill level 3 in Bows
   959 | D:1      | Reached XP level 3. HP: 11/20 MP: 5/5
  1750 | D:2      | Reached skill level 4 in Bows
  2500 | D:3      | Found Aqorghane's Assorted Antiques.
  2506 | D:2      | Slain by a gnoll

Illustrated notes

Levels and vault maps discovered:
D:1:      dpeg_arrival_chambers_temple_mockup, layout_loops_ring,
          chequers_avenue
D:2:      layout_basic, mrwooster_statue_mirror,
          amcnicky_mini_rare_corridor_liquid
D:3:      wander_river, layout_loops_cross, mainiacjoe_overflow_boulevard,
          serial_shops, nicolae_diamond_shop,
          dreamdust_ecumenical_altar_hidden_monk_grotto, uniq_sigmund

Skill      XL: |  1  2  3 |
---------------+----------+-----
Bows           | 3 4 |  4.4
Fighting       | |  1.0
Dodging        | |  2.1
Spellcasting   | |  1.0
Hexes          | |  2.1

Action                   || total
-------------------------++-------
 Fire: Shortbow          ||   121
 Cast: Slow              ||     3
  Use: Scroll            ||     1
       Potion            ||     1
Armor: Robe              ||    15
Dodge: Dodged            ||    54

Table legend: (Time is in decaauts)
 A = Elapsed time spent in this place.
 B = Non-inter-level travel time spent in this place.
 C = Inter-level travel time spent in this place.
 D = Time resting spent in this place.
 E = Time spent auto-exploring this place.
 F = Levels seen in this place.
 G = Mean time per level.
                   A        B        C        D        E       F      G
               +--------+--------+--------+--------+--------+-----+--------+
         Total |   2544 |   2472 |     72 |    271 |   1949 |   3 |  848.0 |
       Dungeon |   2544 |   2472 |     72 |    271 |   1949 |   3 |  848.0 |
               +--------+--------+--------+--------+--------+-----+--------+

Top non-repeatable levels by time:
     D:1: 1527 daAuts
     D:2: 1013 daAuts
     D:3: 3 daAuts
